 Dungeon Crawl Stone Soup version 0.16-a0-3210-ge5ae1c3 (webtiles) character file.

4809 Ololoev the Destroyer (level 10, 0/61 HPs)
             Began as an Octopode Ice Elementalist on Dec 19, 2014.
             Slain by Prince Ribbit (17 damage)
             ... on level 9 of the Dungeon.
             The game lasted 00:41:25 (12729 turns).

Ololoev the Destroyer (Octopode Ice Elementalist)  Turns: 12729, Time: 00:41:25

Health: 0/61       AC:  1    Str:  9    XL:     10   Next: 48%
Magic:  1/18       EV: 12    Int: 20    God:
Gold:   531        SH:  0    Dex: 12    Spells: 3 memorised, 7 levels left

rFire  x . .     SeeInvis .     a - +2 short sword (elec)
rCold  + . .     Clarity  .     (no shield)
rNeg   . . .     SustAb   .     (helmet restricted)
rPois  .         Gourm    +     i - amulet of the gourmand
rElec  .         Spirit   .     g - ring of ice (curse)
rCorr  .         Warding  .     (no ring)
rMut   .         Stasis   .     (no ring)
MR     .....                    (no ring)
Stlth  +++.......               (no ring)
                                (no ring)
                                (no ring)
                                (no ring)

@: not resistant to hostile enchantments, fairly stealthy
A: almost no armour, amphibious, 8 rings, constrict 8, antennae 1, camouflage 1,
blurry vision 1, deformed body, mutation resistance 1, robust 1, spit poison 1,
gelatinous body 1
a: Spit Poison


You were on level 9 of the Dungeon.
You were full.

You visited 2 branches of the dungeon, and saw 10 of its levels.
You also visited: Sewer.

You collected 531 gold pieces.

Notes
Turn   | Place    | Note
--------------------------------------------------------------
     0 | D:1      | Ololoev, the Octopode Ice Elementalist, began the quest for the Orb.
     0 | D:1      | Reached XP level 1. HP: 11/11 MP: 3/3
   413 | D:1      | Reached XP level 2. HP: 15/17 MP: 4/4
   432 | D:1      | Learned a level 2 spell: Throw Frost
   999 | D:1      | Reached XP level 3. HP: 14/21 MP: 6/6
  1858 | D:2      | Reached XP level 4. HP: 27/27 MP: 5/8
  1859 | D:2      | Noticed Jessica
  1867 | D:2      | Learned a level 4 spell: Throw Icicle
  1889 | D:2      | Noticed Terence
  2102 | D:2      | Killed Jessica
  2102 | D:2      | Reached skill level 1 in Short Blades
  2745 | D:2      | Killed Terence
  2745 | D:2      | Reached XP level 5. HP: 6/31 MP: 0/10
  3352 | D:3      | Found a shadowy altar of Dithmenos.
  3352 | D:3      | Found an opulent altar of Gozag.
  3352 | D:3      | Found a stormy altar of Qazlal.
  3494 | D:3      | Found a glowing drain.
  3499 | Sewer    | Entered a sewer
  3703 | Sewer    | Reached skill level 4 in Ice Magic
  3787 | Sewer    | Reached XP level 6. HP: 12/36 MP: 0/11
  4906 | D:4      | Reached XP level 7. HP: 41/41 MP: 3/13
  5014 | D:4      | Reached skill level 5 in Ice Magic
  5149 | D:4      | Found a staircase to the Ecumenical Temple.
  5159 | Temple   | Entered the Ecumenical Temple
  5552 | D:5      | Entered Level 5 of the Dungeon
  5628 | D:4      | Reached skill level 5 in Conjurations
  6284 | D:5      | Gained mutation: You have a pair of small antennae on your head. [mutagenic meat]
  6285 | D:5      | Gained mutation: Scrolls take you a little longer to read. [mutagenic meat]
  6286 | D:5      | Gained mutation: Your body is misshapen. [mutagenic meat]
  6342 | D:5      | Reached skill level 6 in Conjurations
  6463 | D:5      | Found a glowing golden altar of the Shining One.
  6559 | D:5      | Reached XP level 8. HP: 31/46 MP: 14/14
  6745 | D:5      | Gained mutation: You are somewhat resistant to further mutation. [mutagenic meat]
  7394 | D:6      | Reached skill level 7 in Conjurations
  8013 | D:6      | Found an ancient bone altar of Kikubaaqudgha.
  8014 | D:6      | Found a blossoming altar of Fedhas.
  8133 | D:6      | Reached skill level 8 in Conjurations
  8133 | D:6      | Reached XP level 9. HP: 46/51 MP: 0/16
  8139 | D:6      | Gained mutation: You can spit poison. [mutagenic meat]
  8140 | D:6      | Gained mutation: You are robust (+10% HP). [mutagenic meat]
  8446 | D:6      | Noticed Dowan
  8447 | D:6      | Noticed Duvessa
  8456 | D:6      | Killed Duvessa
  8459 | D:6      | Killed Dowan
  9404 | D:7      | Reached skill level 9 in Conjurations
 10293 | D:7      | Learned a level 4 spell: Condensation Shield
 10937 | D:8      | Noticed a komodo dragon
 10942 | D:8      | Killed a komodo dragon
 10942 | D:8      | Reached skill level 10 in Conjurations
 10942 | D:8      | Reached XP level 10. HP: 61/61 MP: 6/18
 11685 | D:8      | Found a staircase to the Lair.
 11848 | D:8      | Reached skill level 10 in Ice Magic
 12260 | D:9      | Found Rirhof Xaica's Gadget Emporium.
 12673 | D:9      | Noticed Prince Ribbit
 12729 | D:9      | Slain by Prince Ribbit

Inventory:

Hand weapons
 a - a +2 short sword of electrocution (weapon)
Jewellery
 g - a cursed ring of ice (left tentacle)
 i - an amulet of the gourmand (around mantle)
Magical devices
 q - a wand of disintegration (13)
 s - a wand of lightning (5)
 y - a wand of fire (4)
 A - a wand of hasting (3)
Scrolls
 d - a scroll of fog
 h - a scroll of recharging
 l - a scroll of enchant armour
 m - 2 scrolls of teleportation
 n - 2 scrolls of remove curse
Potions
 e - a potion of haste
 j - a potion of heal wounds
 k - a potion of curing
 p - a potion of flight
 r - a potion of brilliance
 u - a potion of restore abilities {unknown}
 v - a potion of cure mutation {unknown}
 w - a potion of poison {unknown}
 x - 2 potions of ambrosia
 B - a potion of might {unknown}
Books
 b - a book of Frost

   Spells                             Type                      Level
   a - Freeze                         Ice                          1
   b - Throw Frost                    Conjuration/Ice              2
   c - Ozocubu's Armour               Charms/Ice                   3
   d - Throw Icicle                   Conjuration/Ice              4
   e - Summon Ice Beast               Ice/Summoning                4
   f - Condensation Shield            Ice                          4
Comestibles
 c - 8 bread rations
 f - 2 meat rations
 o - a beef jerky

Table legend:
 A = Turns spent in this place as a percentage of turns spent in the entire game.
 B = Non-inter-level travel turns spent in this place as a percentage of non-inter-level travel turns spent in the entire game.
 C = Inter-level travel turns spent in this place as a percentage of turns spent in this place.
 D = Turns resting spent in this place as a percentage of non-inter-level travel turns spent in this place.
 E = Turns spent auto-exploring this place as a percentage of non-inter-level travel turns spent in this place.
 F = Non-inter-level travel turns spent in this place divided by the number of levels of this place that you've seen.
                   A       B       C       D       E      F
               +-------+-------+-------+-------+-------+----------------------
         Total | 100.0 | 100.0 |   0.4 |   8.9 |   9.3 | 277.4
       Dungeon |  93.0 |  93.0 |   0.4 |   9.1 |   9.5 | 315.2
        Temple |   0.5 |   0.5 |   6.7 |   0.0 |  92.9 |  14.0
         Sewer |   6.5 |   6.6 |   0.0 |   7.0 |   0.5 | 200.0
               +-------+-------+-------+-------+-------+----------------------


   Skills:
 - Level 2.4 Short Blades
 - Level 2.0 Dodging
 - Level 2.6 Stealth
 - Level 2.8 Spellcasting
 + Level 10.7 Conjurations
 + Level 10.4 Ice Magic


You had 7 spell levels left.
You knew the following spells:

 Your Spells              Type           Power        Failure   Level  Hunger
a - Freeze                Ice            ####         1%          1    None
b - Throw Frost           Conj/Ice       ######       1%          2    ##.....
c - Throw Icicle          Conj/Ice       ######..     1%          4    ####...


Dungeon Overview and Level Annotations

Branches:
Dungeon (9/15)             Temple (1/1) D:4            Lair (0/8) D:8
    Orc: D:9-12

Altars:
Ashenzari
Cheibriados
Dithmenos
Elyvilon
Fedhas
Gozag
Kikubaaqudgha
Makhleb
Nemelex Xobeh
Okawaru
Qazlal
Ru
Sif Muna
Trog
Xom
Yredelemnul
Zin
The Shining One

Shops:
D:9 }

Annotations:
D:9 Prince Ribbit


Innate Abilities, Weirdness & Mutations

You cannot wear most types of armour.
You are amphibious.
You can wear up to eight rings at the same time.
You can use your tentacles to constrict many enemies at once.
Your skin changes colour to match your surroundings (Stealth).
Your rubbery body absorbs attacks (AC +1).
You have a pair of small antennae on your head.
Scrolls take you a little longer to read.
Your body is misshapen.
You are somewhat resistant to further mutation.
You are robust (+10% HP).
You can spit poison.


Message History

Prince Ribbit seems to slow down.
Prince Ribbit is heavily wounded.
You closely miss Prince Ribbit. Your grab misses Prince Ribbit.
Your squeeze misses Prince Ribbit.
Prince Ribbit is heavily wounded.
Prince Ribbit hits you.
Prince Ribbit momentarily phases out as your attack passes through him.
Your grab passes through Prince Ribbit as he momentarily phases out.
Prince Ribbit is heavily wounded.
Prince Ribbit blinks!
You see here a wyvern skeleton.
Prince Ribbit is no longer moving slowly.
Prince Ribbit lets out a mournful croak.
Prince Ribbit hits you!
Casting: Freeze
Confirm with . or Enter, or press ? or * to list all spells.
Aiming: Freeze
Press: ? - help, Shift-Dir - straight line, f/p - Prince Ribbit
Aim: Prince Ribbit (heavily wounded)
You feel a surge of power!
You freeze Prince Ribbit.
Prince Ribbit seems to slow down.
Prince Ribbit is severely wounded.
Casting: Freeze
Confirm with . or Enter, or press ? or * to list all spells.
Aiming: Freeze
Press: ? - help, Shift-Dir - straight line, f/p - Prince Ribbit
Aim: Prince Ribbit (severely wounded, slow)
You feel a surge of power!
You freeze Prince Ribbit.
Prince Ribbit seems to slow down.
Prince Ribbit is severely wounded.
Prince Ribbit hits you!
Casting: Freeze
Confirm with . or Enter, or press ? or * to list all spells.
Aiming: Freeze
Press: ? - help, Shift-Dir - straight line, f/p - Prince Ribbit
Aim: Prince Ribbit (severely wounded, slow)
You feel a surge of power!
You freeze Prince Ribbit.
Prince Ribbit is almost dead.
Prince Ribbit hits you!
You die...

#.# #.# #รท# #.. #.# #.#
##.########.#
###....F..##.###
############......#
.....### ###....# ####.##
#.F..### #.# #..@..[# #.#
#....#.# #.# ######.#
#.######### #.# #.........#
#.#
####..........#####.#######
...........##.....#.#.....#
..##..#......######.#####.#
#.#######..#. #.# #.#


You could see Prince Ribbit.

Table legend:
 A = Kills in this place as a percentage of kills in entire the game.
 B = Kills by you in this place as a percentage of kills by you in the entire game.
 C = Kills by friends in this place as a percentage of kills by friends in the entire game.
 D = Other kills in this place as a percentage of other kills in the entire game.
 E = Experience gained in this place as a percentage of experience gained in the entire game.
 F = Experience gained in this place divided by the number of levels of this place that you have seen.
                   A       B       C       D       E      F
               +-------+-------+-------+-------+-------+----------------------
         Total | 100.0 | 100.0 |  -nan |  -nan | 100.0 | 624.5
       Dungeon |  94.4 |  94.4 |  -nan |  -nan |  96.5 | 736.7
         Sewer |   5.6 |   5.6 |  -nan |  -nan |   3.5 | 240.0
               +-------+-------+-------+-------+-------+----------------------

Vanquished Creatures
  A komodo dragon (D:8)
  A spriggan (D:7)
  2 wyverns
  A hippogriff (D:9)
  2 hungry ghosts
  3 centaurs
  2 phantoms
  A water moccasin (D:8)
  3 sky beasts
  2 black bears
  An ice beast (D:7)
  An orc warrior (D:6)
  An ogre (D:4)
  Duvessa (D:6)
  4 giant frogs
  4 scorpions
  4 killer bees (D:8)
  4 wights (D:8)
  2 centaur zombies
  Dowan (D:6)
  3 orc priests
  5 iguanas
  2 goliath beetles (D:6)
  A giant frog zombie (D:5)
  2 centaur skeletons
  3 crimson imps
  5 hounds
  A giant frog skeleton (D:8)
  6 orc wizards
  10 worker ants
  Jessica (D:2)
  2 hound skeletons
  Terence (D:2)
  A mummy (D:9)
  A worker ant zombie (D:6)
  17 adders
  A giant mite (D:1)
  A shadow imp (D:5)
  4 worms
  An adder skeleton (D:5)
  4 giant geckos
  2 oozes
  34 orcs
  17 bats
  2 bat skeletons
  10 giant cockroaches
  21 goblins
  15 hobgoblins
  13 kobolds
  4 quokkas
  3 ball pythons
  14 giant newts
  17 jackals
  19 rats
284 creatures vanquished.

Vanquished Creatures (others)
  A rat (D:9)
  6 plants (D:8)
7 creatures vanquished.

Grand Total: 291 creatures vanquished

Action                   |  1- 3 |  4- 6 |  7- 9 | 10-12 || total
-------------------------+-------+-------+-------+-------++-------
Melee: Unarmed           |   101 |       |       |       ||   101
       Dagger            |     2 |    12 |       |       ||    14
       Short sword       |       |   105 |   203 |    44 ||   352
 Cast: Throw Frost       |     6 |    22 |    87 |    21 ||   136
       Freeze            |     4 |    19 |    20 |    13 ||    56
       Throw Icicle      |       |     2 |    29 |    30 ||    61
       Condensation Shie |       |       |     3 |       ||     3
  Use: Scroll            |       |     7 |     7 |     4 ||    18
       Potion            |       |     3 |     3 |       ||     6
 Stab: Sleeping          |     6 |     5 |    16 |     3 ||    30
  Eat: Chunk             |     3 |    11 |    52 |    17 ||    83
       Royal jelly       |       |       |     1 |       ||     1

Vault maps used:
D:1:      co_arrival_square_in_a_square_in_a_square, grunt_decor_arrowhead,
          grunt_decor_one_mirror
D:2:      uniq_jessica, uniq_terence
D:3:      grunt_temple_overflow_open, lightli_sewer_entry_pipes
D:4:      lemuel_temple_firewalk_marked, first_bread
D:5:      lemuel_doored_altar
D:6:      grunt_temple_overflow_growth_and_decay, uniq_duvessa
D:7:      lemuel_upstairs_altar, the_bakery, minivault_23
D:8:      david_lair_shrubbed, minmay_misc_feat_pillars, kennysheep_small_circle
D:9:      fiery_altar_vehumet, serial_co_window_serial, co_window_paths_a,
          co_window_paths_b, co_window_paths_b, co_window_paths_a,
          co_window_cross_1, co_window_paths_a, co_window_paths_a,
          co_window_2corner, co_window_unsneaky_path_c, co_window_corner_ca,
          co_window_broadway_b, co_window_2corner, glass_columns_c,
          serial_shops, nicolae_shop_competitors_out_of_business,
          uniq_prince_ribbit1
Temple:   eino_temple_water_12
Sewer:    sewer_frog_island_01
